 Dungeon Crawl Stone Soup version 0.31.0-4-g52a2dc7128 (webtiles) character file.

Game seed: 9999424385436372841

176 SnakkuSnakku7 the Trooper (level 5, 0/45 HPs)
             Began as a Merfolk Earth Elementalist on Jan 22, 2024.
             Was a Follower of Sif Muna.
             Slain by Crazy Yiuf
             ... wielding a +2 quarterstaff of chaos
              (13 damage)
             ... on level 3 of the Dungeon.
             The game lasted 00:02:51 (2637 turns).

SnakkuSnakku7 the Trooper (MfEE)                    Turns: 2637, Time: 00:02:51

Health: 0/45       AC:  5    Str:  9    XL:     5   Next: 56%
Magic:  8/8        EV: 13    Int: 14    God:    Sif Muna [*.....]
Gold:   31         SH:  0    Dex: 16    Spells: 7/8 levels left

rFire   . . .        a - +0 dagger (venom)
rCold   . . .        (no shield)
rNeg    . . .        m - +2 robe
rPois   .            (no helmet)
rElec   .            (no cloak)
rCorr   .            g - +0 pair of gloves
SInv    .            (no boots)
Will    .....        (no amulet)
Stlth   ++           (no ring)
HPRegen 0.27/turn    (no ring)
MPRegen 0.11/turn

%: no passive effects
@: no status effects
A: (nimble swimmer 2), mertail
a: Renounce Religion, Channel Magic


You were on level 3 of the Dungeon.
You worshipped Sif Muna.
Sif Muna was aware of your devotion.
You visited 1 branch of the dungeon, and saw 3 of its levels.

You collected 96 gold pieces.
You spent 65 gold pieces at shops.

Inventory:

Hand Weapons
 a - a +0 dagger of venom (weapon)
 h - a +0 dagger
Missiles
 o - 3 poisoned darts
Armour
 g - a +0 pair of gloves (worn)
 i - a +0 robe
 m - a +2 robe (worn)
Scrolls
 c - 3 scrolls of identify
 j - a scroll of teleportation
 n - a scroll of vulnerability {unknown}
 p - 2 scrolls of amnesia {unknown}
 q - a scroll of torment {unknown}
 r - a scroll of fog {unknown}
Potions
 b - a potion of magic
 d - 2 potions of brilliance {unknown}
 e - 2 potions of might {unknown}
 f - a potion of curing {unknown}
 k - a potion of heal wounds {unknown}
 l - a potion of enlightenment {unknown}


   Skills:
 + Level 5.6 Fighting
 - Level 2.6 Dodging
 - Level 2.1 Stealth
 - Level 2.0 Spellcasting
 - Level 0.7 Conjurations
 - Level 2.4 Earth Magic


You had 7 spell levels left.
You knew the following spells:

 Your Spells              Type           Power      Damage    Failure   Level
a - Sandblast             Erth           16%        2d6       9%          1

Your spell library contained the following spells:

 Spells                   Type           Power      Damage    Failure   Level
 Passwall                 Erth           8%         N/A       26%         3
 Momentum Strike          Conj/Tloc      4%         3d8       30%         2
 Blink                    Tloc           2%         N/A       34%         2
 Ensorcelled Hibernation  Hex/Ice        2%         N/A       34%         2
 Lesser Beckoning         Tloc           2%         N/A       34%         2
 Stone Arrow              Conj/Erth      10%        3d7       36%         3
 Fugue of the Fallen      Necr           1%         N/A       56%         3
 Gell's Gravitas          Tloc           1%         N/A       56%         3
 Teleport Other           Tloc           1%         N/A       56%         3
 Brom's Barrelling Bould  Conj/Erth      5%         2d3       77%         4
 Petrify                  Alch/Erth      4%         N/A       82%         4
 Anguish                  Hex/Necr       0%         N/A       93%         4
 Dispersal                Tloc           0%         N/A       100%        6


Dungeon Overview and Level Annotations

Branches:
Dungeon (3/15)

Altars:
Elyvilon
Fedhas
Kikubaaqudgha
Nemelex Xobeh
Sif Muna
Zin

Shops:
D:1 ?

Annotations:
D:3 Crazy Yiuf


Innate Abilities, Weirdness & Mutations

((You are very nimble when in or above water. (Stealth+, EV+, Speed+++)))
Your lower body shifts to a powerful aquatic tail in water.


Message History

You open the door.
Found 2 stones.
Found a stone staircase leading up.
Found a stone staircase leading down.
Found 2 stones.
You open the door. You open the door.
There is an open door here.
You see here 2 stones.
You open the door.
There is an open door here.
You open the door.
There is an open door here.
You open the door.
Found three hammers.
There is an open door here.
Found a hammer.
You see here a +0 hammer.
You see here a +0 hammer.
Found a hammer.
Found a runed translucent door.
You open the door.
There is an open translucent door here.
The helpless Crazy Yiuf fails to defend himself.
You puncture Crazy Yiuf!
Crazy Yiuf is poisoned.
Crazy Yiuf is heavily wounded.
Crazy Yiuf zaps a wand.
The puff of flame hits you!
You barely miss Crazy Yiuf.
Crazy Yiuf is heavily wounded.
Crazy Yiuf hits you with a +2 quarterstaff of chaos!
Crazy Yiuf freezes you.
You barely miss Crazy Yiuf.
Crazy Yiuf is heavily wounded.
Crazy Yiuf zaps a wand.
The puff of flame hits you!
* * * LOW HITPOINT WARNING * * *
Crazy Yiuf whimpers, "Papa!
Proton pontify stair."
Crazy Yiuf attacks as he pursues you! Crazy Yiuf barely misses you.
You hit Crazy Yiuf but do no damage.
Crazy Yiuf looks as sick as possible!
Crazy Yiuf is heavily wounded.
Crazy Yiuf hits you with a +2 quarterstaff of chaos!
You die...

######### ##### ♣♣#### #.
###.......# #)..#♣♣ ♣♣..+)####.
..........## #.g@'.♣♣♣♣..).......
.#........'# #...#♣..♣.....)..##.
.#.####'#### #####♣♣♣.♣.).+....#.
.#.# #(# ♣♣♣♣♣##...##. .#.# #.#
###'##. .#.# #.#
#################......
.#.####.###.........#.#..........
..........+..............#######.
.#.####.###.(............#P...P#.


You could see Crazy Yiuf (extremely poisoned).

Vanquished Creatures
  Jessica (D:2)
  Natasha (thrice) (D:2)
  2 adders
  A ribbon worm (D:3)
  A dart slug (D:2)
  4 orcs (D:3)
  4 bats
  4 endoplasms
  2 giant cockroaches (D:2)
  3 goblins (D:1)
  5 hobgoblins
  4 kobolds
  4 quokkas
  7 ball pythons
  2 frilled lizards (D:3)
  3 rats
50 creatures vanquished.

Notes
Turn   | Place    | Note
-------+----------+-------------------------------------------
     0 | D:1      | SnakkuSnakku7 the Merfolk Earth Elementalist began the
                  | quest for the Orb.
     0 | D:1      | Reached XP level 1. HP: 13/13 MP: 3/3
   130 | D:1      | Reached skill level 1 in Fighting
   267 | D:1      | Reached XP level 2. HP: 22/22 MP: 3/5
   361 | D:1      | Reached skill level 2 in Fighting
   425 | D:1      | Found Daesicsily's Magic Scroll Shop.
   439 | D:1      | Bought a scroll of teleportation for 39 gold pieces
   766 | D:1      | Bought a scroll of identify for 26 gold pieces
   912 | D:2      | Reached XP level 3. HP: 16/28 MP: 6/6
   984 | D:2      | Reached skill level 3 in Fighting
  1061 | D:2      | Noticed Natasha
  1073 | D:2      | Killed Natasha
  1074 | D:2      | Reached skill level 4 in Fighting
  1074 | D:2      | Reached XP level 4. HP: 17/37 MP: 7/7
  1094 | D:2      | Noticed Jessica
  1100 | D:2      | Killed Jessica
  1460 | D:2      | Noticed Natasha
  1473 | D:2      | Killed Natasha
  1474 | D:2      | Reached XP level 5. HP: 18/43 MP: 8/8
  1519 | D:2      | Noticed Natasha
  1535 | D:2      | Killed Natasha
  1536 | D:2      | Reached skill level 5 in Fighting
  1691 | D:2      | Found a blossoming altar of Fedhas.
  1786 | D:3      | Found a faded altar of an unknown god.
  1808 | D:3      | Prayed at the altar of an unknown god.
  1808 | D:3      | Became a worshipper of Sif Muna the Loreminder
  1808 | D:3      | Reached * piety under Sif Muna
  2137 | D:3      | Found a glowing silver altar of Zin.
  2137 | D:3      | Found a sparkling altar of Nemelex Xobeh.
  2137 | D:3      | Found a white marble altar of Elyvilon.
  2369 | D:3      | Found an ancient bone altar of Kikubaaqudgha.
  2625 | D:3      | Found a runed translucent door.
  2626 | D:3      | Noticed Crazy Yiuf
  2637 | D:3      | Slain by Crazy Yiuf

Illustrated notes

Levels and vault maps discovered:
D:1:      minmay_arrival_glassed_features, layout_loops_ring, serial_shops,
          nicolae_shop_statue_plus
D:2:      layout_loops_ring, basic_altar, kennysheep_generic_room_10,
          uniq_jessica, uniq_natasha
D:3:      layout_basic, lemuel_round_altar, gammafunk_temple_overflow_claw,
          shapermc_ecumenical_altar_ellora, uniq_crazy_yiuf_cottage

Skill      XL: |  1  2  3  4  5 |
---------------+----------------+-----
Fighting       | 1 2 4 5 |  5.6
Dodging        | |  2.6
Stealth        | |  2.1
Spellcasting   | |  2.0
Conjurations   | |  0.7
Earth Magic    | |  2.4

Action                     |  1- 3 |  4- 6 || total
---------------------------+-------+-------++-------
  Melee: Unarmed           |    12 |       ||    12
         Dagger            |    36 |    92 ||   128
         Punch             |     3 |     1 ||     4
   Cast: Sandblast         |    14 |       ||    14
   Stab: Sleeping          |     3 |     4 ||     7
 Armour: Robe              |    23 |    52 ||    75
  Dodge: Dodged            |    32 |    58 ||    90
